 Dungeon Crawl Stone Soup version 0.30-a0-881-g1ff12e1e11 (webtiles) character file.

Game seed: 3008371708758955995

300 Newt the Shooter (level 6, 0/40 HPs)
             Began as a Kobold Hunter on Mar 14, 2023.
             Slain by a kobold
             ... wielding a +0 dagger
              (1 damage)
             ... on level 4 of the Dungeon.
             The game lasted 00:02:27 (4179 turns).

Newt the Shooter (Kobold Hunter)                    Turns: 4179, Time: 00:02:27

Health: 0/40       AC:  6    Str:  9    XL:     6   Next: 64%
Magic:  2/2        EV: 15    Int: 10    God:
Gold:   230        SH:  0    Dex: 26    Spells: 5/5 levels left

rFire   . . .      SeeInvis .    h - +5 whip of Analysis {antimagic, rElec rPois Will- Dex+6}
rCold   . . .      Faith    .    (no shield)
rNeg    . . .      Spirit   .    c - +0 leather armour
rPois   +          Reflect  .    m - +2 hat
rElec   +          Rampage  .    (no cloak)
rCorr   .                        (no gloves)
Will    .....                    f - +0 pair of boots
Stlth   +++                      (no amulet)
HPRegen 0.26/turn                (no ring)
MPRegen 0.08/turn                (no ring)

@: weakened
A: small, no large weapons, nightstalker 3
a: no special abilities


You were on level 4 of the Dungeon.
You visited 1 branch of the dungeon, and saw 4 of its levels.

You collected 230 gold pieces.

Inventory:

Hand Weapons
 a - a +0 shortbow
 h - the +5 whip of Analysis (weapon) {antimagic, rElec rPois Will- Dex+6}
   (You found it on level 2 of the Dungeon)

   Dex:       It affects your dexterity (+6).
   rElec:     It insulates you from electricity.
   rPois:     It protects you from poison.
   Will:      It decreases your willpower.
Armour
 c - a +0 leather armour (worn)
 f - a +0 pair of boots (worn)
 m - a +2 hat (worn)
 o - a scarf of invisibility
Jewellery
 q - a +5 ring of evasion
Wands
 p - a wand of polymorph (8)
Scrolls
 b - a scroll of immolation
 d - 5 scrolls of teleportation
 i - 2 scrolls of magic mapping
Potions
 e - a potion of invisibility {unknown}
 g - a potion of lignification
 j - 3 potions of heal wounds {unknown}
 k - a potion of ambrosia {unknown}
 l - a potion of curing {unknown}
 n - a potion of cancellation {unknown}


   Skills:
 - Level 5.0 Fighting
 + Level 4.0 Maces & Flails
 - Level 5.3 Ranged Weapons
 - Level 2.4 Dodging
 - Level 1.3 Stealth


You had 5 spell levels left.
You didn't know any spells.
Your spell library contained the following spells:

 Spells                   Type           Power      Damage    Failure   Level
 Ignite Poison            Fire/Tmut/Pois 0%         N/A       85%         3
 Sticky Flame             Conj/Fire      0%         2d3       99%         4
 Ignition                 Fire           0%         3d3       100%        8


Dungeon Overview and Level Annotations

Branches:
Dungeon (4/15)
 Temple: D:4-7

Altars:


Innate Abilities, Weirdness & Mutations

You are small and have problems with some larger weapons.
You are completely attuned to the shadows.


Message History

The gnoll bouda is moderately wounded.
The gnoll bouda barks out a call to the hunt!
The gnoll picks up the pace!
You hit the gnoll bouda but do no damage.
The gnoll bouda is moderately wounded.
The gnoll bouda hits you with a +0 whip!
You hit the gnoll bouda.
The gnoll bouda is heavily wounded.
The gnoll bouda misses you.
You hit the gnoll bouda.
The gnoll bouda is heavily wounded.
The gnoll bouda hits you with a +0 whip.
* * * LOW HITPOINT WARNING * * *
You closely miss the gnoll bouda.
The gnoll bouda is heavily wounded.
Your attacks no longer feel as feeble.
The gnoll bouda barely misses you.
You hit the gnoll bouda.
The gnoll bouda is severely wounded.
The gnoll bouda gazes fiercely through you!
You feel your attacks grow feeble. The gnoll bouda closely misses you.
You hit the gnoll bouda.
The gnoll bouda is almost dead.
The gnoll bouda gazes fiercely through you!
You feel as though you will be weak longer.
The gnoll bouda hits you with a +0 whip.
* * * LOW HITPOINT WARNING * * *
The gnoll bouda barks out a call to the hunt!
The gnoll bouda utters an invocation to its god.
The gnoll bouda is healed somewhat.
Okay, then.
The gnoll bouda gazes fiercely through you!
You feel as though you will be weak longer.
The kobold throws a stone.
The stone misses you.
The gnoll shouts!
The gnoll hits you from afar with a +0 spear.
* * * LOW HITPOINT WARNING * * *
The kobold hits you with a +0 dagger.
You die...

########### #.g.g.g...#
#.#######.# #.# #.# #.#
#####@########### #.#
#(.gK...........# ..##.#
#.###.#########.# #.##.#
#.# #.# #.# #.##.###.###.#
#.#
##.##.....†...#########.#
#..........####<..[...#.##
####g.######..#
#...........##### ......#
#..# #........#.......


You could see a gnoll and a kobold.

Vanquished Creatures
  3 hounds
  3 iguanas
  3 gnolls
  4 adders
  4 dart slugs
  An orc (D:3)
  2 ball pythons
  2 bats
  4 endoplasms
  A giant cockroach (D:4)
  6 goblins
  10 hobgoblins
  6 kobolds
  5 quokkas
  2 frilled lizards
  4 rats
60 creatures vanquished.

Vanquished Creatures (others)
  2 fungi (D:2)
2 creatures vanquished.

Grand Total: 62 creatures vanquished

Notes
Turn   | Place    | Note
-------+----------+-------------------------------------------
     0 | D:1      | Newt the Kobold Hunter began the quest for the Orb.
     0 | D:1      | Reached XP level 1. HP: 12/12 MP: 1/1
   194 | D:1      | Reached XP level 2. HP: 11/18 MP: 2/2
   937 | D:2      | Reached XP level 3. HP: 20/24 MP: 3/3
  1075 | D:2      | Identified the +5 whip of Analysis {antimagic, rElec rPois
                  | Will- Dex+6}
  1117 | D:2      | Found a faded altar of an unknown god.
  2125 | D:3      | Reached XP level 4. HP: 30/30 MP: 1/4
  2205 | D:3      | Reached skill level 5 in Fighting
  2737 | D:3      | Reached skill level 1 in Maces & Flails
  2767 | D:3      | Reached XP level 5. HP: 35/35 MP: 1/5
  3421 | D:3      | Reached XP level 6. HP: 21/40 MP: 2/6
  4179 | D:4      | HP: 1/40 [gnoll/+0 spear[a gnoll bouda] (6)]
  4179 | D:4      | Slain by a kobold

Illustrated notes

Levels and vault maps discovered:
D:1:      matt_arrival_grand_opening, layout_basic, minmay_cupped
D:2:      layout_loops_ring, shapermc_ecumenical_altar_ellora
D:3:      minmay_spotlight, layout_loops_ring, cheibrodos_gnoll_hut
D:4:      layout_loops_ring

Skill      XL: |  1  2  3  4  5  6 |
---------------+-------------------+-----
Fighting       | 3 4 5 |  5.0
Maces & Flails | 1 3 4 |  4.0
Ranged Weapons | |  5.3
Dodging        | |  2.4
Stealth        | |  1.3

Action                     |  1- 3 |  4- 6 || total
---------------------------+-------+-------++-------
  Melee: Whip              |    11 |   130 ||   141
         Punch             |       |     3 ||     3
   Fire: Shortbow          |    55 |       ||    55
    Use: Scroll            |     4 |       ||     4
   Stab: Sleeping          |     3 |    12 ||    15
         Distracted        |       |     1 ||     1
 Armour: Leather armour    |    10 |    28 ||    38
  Dodge: Dodged            |    32 |    91 ||   123

Table legend: (Time is in decaauts)
 A = Elapsed time spent in this place.
 B = Non-inter-level travel time spent in this place.
 C = Inter-level travel time spent in this place.
 D = Time resting spent in this place.
 E = Time spent auto-exploring this place.
 F = Levels seen in this place.
 G = Mean time per level.
                   A        B        C        D        E       F      G
               +--------+--------+--------+--------+--------+-----+--------+
         Total |   4193 |   4014 |    179 |    939 |   2582 |   4 | 1048.2 |
       Dungeon |   4193 |   4014 |    179 |    939 |   2582 |   4 | 1048.2 |
               +--------+--------+--------+--------+--------+-----+--------+

Top non-repeatable levels by time:
     D:3: 2033 daAuts
     D:1: 929 daAuts
     D:2: 899 daAuts
     D:4: 331 daAuts
